 Dungeon Crawl Stone Soup version 0.27-a0-1612-gde56a17b89 (webtiles) character file.

Game seed: 520186648546209705

271 MovingMist the Covered (level 6, -12/39 HPs)
             Began as a Gargoyle Fighter on July 21, 2021.
             Mangled by an ogre (20 damage)
             ... on level 4 of the Dungeon.
             The game lasted 00:05:17 (4380 turns).

MovingMist the Covered (Gargoyle Fighter)           Turns: 4380, Time: 00:05:18

Health: -12/39     AC: 12    Str: 20    XL:     6   Next: 23%
Magic:  15/15      EV:  8    Int:  8    God:
Gold:   175        SH:  9    Dex: 11    Spells: 5/5 levels left

rFire    . . .     SeeInvis .   a - +0 flail
rCold    . . .     Faith    .   c - +0 kite shield
rNeg     + . .     Spirit   .   b - +0 scale mail
rPois    ∞         Reflect  .   m - +0 helmet
rElec    +         Harm     .   (no cloak)
rCorr    .         Rampage  .   (no gloves)
Will     .....                  (no boots)
Stlth    ..........             (no amulet)
HPRegen  0.13/turn              h - ring of magical power
MPRegen  0.14/turn              (no ring)

@: no status effects
A: sickness immunity, AC +4, negative energy resistance 1, electricity
resistance, torment resistance 1, petrification resistance
a: no special abilities


You were on level 4 of the Dungeon.
You visited 1 branch of the dungeon, and saw 4 of its levels.

You collected 175 gold pieces.

Inventory:

Hand Weapons
 a - a +0 flail (weapon)
Armour
 b - a +0 scale mail (worn)
 c - a +0 kite shield (worn)
 m - a +0 helmet (worn)
Jewellery
 h - a ring of magical power (left hand)
Wands
 n - a wand of flame (23)
 r - a wand of digging (8)
 s - a wand of iceblast (9)
Scrolls
 e - a scroll of amnesia {unknown}
 i - a scroll of vulnerability {unknown}
 j - 2 scrolls of noise {unknown}
 k - 2 scrolls of identify {unknown}
 l - 2 scrolls of magic mapping {unknown}
 o - a scroll of enchant weapon {unknown}
 p - a scroll of torment {unknown}
 q - a scroll of summoning {unknown}
 u - 2 scrolls of fog {unknown}
Potions
 d - a potion of might
 f - a potion of degeneration {unknown}
 g - 4 potions of curing {unknown}
 t - a potion of ambrosia {unknown}


   Skills:
 + Level 4.3 Fighting
 + Level 3.3 Maces & Flails
 + Level 4.4 Armour
 * Level 2.9 Dodging
 - Level 3.2 Shields


You had 5 spell levels left.
You didn't know any spells.
Your spell library contained the following spells:

 Spells                   Type           Power      Damage    Failure   Level
 Ozocubu's Armour         Ice            0%         N/A       100%        3
 Stone Arrow              Conj/Erth      0%         3d7       100%        3
 Tukima's Dance           Hex            0%         N/A       100%        3
 Animate Armour           Summ/Erth      0%         N/A       100%        4
 Passage of Golubria      Tloc           N/A        N/A       100%        4
 Yara's Violent Unravell  Hex/Tmut       0%         3d3       100%        5
 Ozocubu's Refrigeration  Ice            0%         4d5       100%        7
 Lehudib's Crystal Spear  Conj/Erth      0%         10d2      100%        8


Dungeon Overview and Level Annotations

Branches:
Dungeon (4/15)
 Temple: D:4-7

Altars:
Qazlal

Annotations:
D:2 1 runed translucent door, Crazy Yiuf


Innate Abilities, Weirdness & Mutations

You are immune to sickness and miasma.
Your stone body is resilient. (AC +4)
You are immune to poison.
You resist negative energy. (rN+)
You are resistant to electric shocks. (rElec)
You are resistant to unholy torment.
You are immune to petrification.


Message History

Things that are here:
a +0 hand axe; an orc skeleton Done exploring.
No target in view!
Done exploring.
(D) Dungeon
Where to? (Enter - D:3, ? - help)
What level of the Dungeon? (default 1, ? - help)
There is a stone staircase leading down here.
You climb downwards.
You hear the hiss of flowing sand.
There is an entrance to an ossuary on this level.
Hurry and find it before the portal is buried!
There is a stone staircase leading up here.
You sock the endoplasm!
You kill the endoplasm!
Found a potion of might.
An ogre comes into view. It is wielding a +0 giant spiked club.
There is a stone staircase leading up here.
The ogre hits you with a +0 giant spiked club!
You thump the ogre!
The ogre is moderately wounded.
The ogre hits you with a +0 giant spiked club.
You hit the ogre.
The ogre is moderately wounded.
The ogre hits you with a +0 giant spiked club!!
* * * LOW HITPOINT WARNING * * *
You hit the ogre but do no damage.
The ogre is moderately wounded.
You block the ogre's attack.
You sock the ogre!
The ogre is severely wounded.
You block the ogre's attack.
You sock the ogre!
The ogre is almost dead.
The ogre barely misses you.
You barely miss the ogre.
The ogre is almost dead.
The ogre hits you with a +0 giant spiked club!!
Ouch! That really hurt!
You die...

.......# .##.... ...
#.....####.......
#..###...........!...
#...#.............#
##.....##.........#.
.......##............
........#..........##
.............##.....#
####..<@O..........#
#................
....................
.................#...
...............###
....#....#.....#
.#.##....##...## #.
#.#... ##..


You could see an ogre.

Vanquished Creatures
  An orc priest (D:1)
  2 iguanas
  Terence (D:2)
  Ijyb (D:3)
  Robin (D:2)
  An adder (D:2)
  3 worms
  3 dart slugs
  5 orcs
  3 bats
  3 endoplasms
  3 giant cockroaches
  23 goblins
  12 hobgoblins
  9 jackals (D:1)
  2 quokkas (D:2)
  3 ball pythons
  7 frilled lizards
  7 kobolds
  7 rats
97 creatures vanquished.

Vanquished Creatures (others)
  4 plants (D:2)
4 creatures vanquished.

Grand Total: 101 creatures vanquished

Notes
Turn   | Place    | Note
-------+----------+-------------------------------------------
     0 | D:1      | MovingMist the Gargoyle Fighter began the quest for the
                  | Orb.
     0 | D:1      | Reached XP level 1. HP: 14/14 MP: 1/1
   238 | D:1      | Reached XP level 2. HP: 19/19 MP: 2/2
   491 | D:1      | Reached skill level 1 in Dodging
   532 | D:1      | Reached XP level 3. HP: 6/23 MP: 3/3
  1246 | D:1      | Reached XP level 4. HP: 24/29 MP: 4/4
  1695 | D:2      | Noticed Terence
  1711 | D:2      | Killed Terence
  1712 | D:2      | Reached XP level 5. HP: 22/33 MP: 5/5
  2125 | D:2      | Found a runed translucent door.
  2126 | D:2      | Noticed Crazy Yiuf
  2187 | D:2      | Found a stormy altar of Qazlal.
  2189 | D:2      | Noticed Robin
  2338 | D:2      | Killed Robin
  3669 | D:3      | Reached XP level 6. HP: 39/39 MP: 6/6
  3707 | D:3      | Noticed Ijyb
  3723 | D:3      | Killed Ijyb
  4380 | D:4      | Mangled by an ogre

Illustrated notes

Levels and vault maps discovered:
D:1:      dpeg_arrival_morbid_curiosity, layout_basic
D:2:      cheibrodos_greedy_goblins, layout_basic, basic_altar,
          chequers_big_river, uniq_terence, uniq_robin, uniq_crazy_yiuf_cottage
D:3:      layout_loops_cross, grunt_decor_clamped, uniq_ijyb
D:4:      layout_cave_pools, nicolae_ossuary_entry_ruins, skrybe_limestone_x

Skill      XL: |  1  2  3  4  5 |
---------------+----------------+-----
Dodging        | 1 2 |  2.9
Fighting       | 4 |  4.3
Armour         | 4 |  4.4
Maces & Flails | 3 |  3.3
Shields        | |  3.2

Action                   |  1- 3 |  4- 6 || total
-------------------------+-------+-------++-------
Melee: Flail             |    94 |   291 ||   385
Armor: Scale mail        |    54 |   165 ||   219
Dodge: Dodged            |    31 |   116 ||   147
Block: Kite shield       |    53 |   166 ||   219

Table legend: (Time is in decaauts)
 A = Elapsed time spent in this place.
 B = Non-inter-level travel time spent in this place.
 C = Inter-level travel time spent in this place.
 D = Time resting spent in this place.
 E = Time spent auto-exploring this place.
 F = Levels seen in this place.
 G = Mean time per level.
                   A        B        C        D        E       F      G
               +--------+--------+--------+--------+--------+-----+--------+
         Total |   4583 |   4502 |     81 |   1121 |   2395 |   4 | 1145.8 |
       Dungeon |   4583 |   4502 |     81 |   1121 |   2395 |   4 | 1145.8 |
               +--------+--------+--------+--------+--------+-----+--------+

Top non-repeatable levels by time:
     D:2: 2276 daAuts
     D:1: 1361 daAuts
     D:3: 922 daAuts
     D:4: 23 daAuts
